 Dungeon Crawl Stone Soup version 0.31-a0-233-g139696dc86 (webtiles) character file.

Game seed: 16841001634445991409

32 qw the Shooter (level 3, -1/29 HPs)
             Began as a Minotaur Hexslinger on July 7, 2023.
             Slain by Terence
             ... wielding a +1 falchion of freezing
              (3 damage)
             ... on level 1 of the Dungeon.
             The game lasted 00:00:20 (866 turns).

qw the Shooter (Minotaur Hexslinger)                 Turns: 866, Time: 00:00:20

Health: -1/29      AC:  6    Str: 12    XL:     3   Next: 8%
Magic:  3/3        EV: 11    Int: 10    God:
Gold:   50         SH:  0    Dex: 14    Spells: 3/4 levels left

rFire   . . .        Y - +1 sling
rCold   . . .        (no shield)
rNeg    . . .        j - +0 ring mail
rPois   .            (helmet restricted)
rElec   .            (no cloak)
rCorr   .            e - +0 pair of gloves
SInv    .            (no boots)
Will    .....        a - amulet of regeneration
Stlth   +            (no ring)
HPRegen 1.04/turn    (no ring)
MPRegen 0.08/turn

%: no passive effects
@: no status effects
A: horns 2, retaliatory headbutt
a: no special abilities


You were on level 1 of the Dungeon.
You visited 1 branch of the dungeon, and saw 2 of its levels.

You collected 50 gold pieces.


Innate Abilities, Weirdness & Mutations

You have a pair of horns on your head.
You reflexively headbutt those who attack you in melee.


   Skills:
 - Level 2.0 Fighting
 + Level 3.7 Ranged Weapons
 - Level 2.1 Dodging
 - Level 1.0 Spellcasting
 - Level 2.0 Hexes


You had 3 spell levels left.
You knew the following spells:

 Your Spells              Type           Power      Damage    Failure   Level
a - Slow                  Hex            16%        N/A       34%         1

Your spell library contained the following spells:

 Spells                   Type           Power      Damage    Failure   Level
 Inner Flame              Hex/Fire       2%         N/A       83%         3
 Portal Projectile        Hex/Tloc       4%         N/A       83%         3
 Cause Fear               Hex            2%         N/A       98%         4

Inventory:

Hand Weapons
 Y - a +1 sling (weapon)
Armour
 e - a +0 pair of gloves (worn)
 j - a +0 ring mail (worn)
Jewellery
 a - an amulet of regeneration (around neck)
Potions
 d - 2 potions of curing
 f - a potion of might
 g - a potion of attraction {unknown}
 i - a potion of resistance {unknown}

Dungeon Overview and Level Annotations

Branches:
Dungeon (2/15)

Altars:

Annotations:
D:1 Terence


Message History

Terence shouts!
The kobold barely misses you. The kobold hits you but does no damage.
There is a stone staircase leading up here.
You shoot a sling bullet.
The sling bullet closely misses Terence.
Terence asks, "Do you want it fast or slow?"
Terence hits you with a +1 falchion of freezing.
Terence freezes you. The kobold barely misses you. You furiously retaliate!
You headbutt the kobold!
You kill the kobold!
A giant cockroach comes into view.
859 ||| STAIRDANCE Terence closely misses you.
You furiously retaliate!
You headbutt Terence!
You climb upwards.
There is a stone staircase leading down here.
You shoot a sling bullet. The sling bullet barely misses Terence.
Terence hits you with a +1 falchion of freezing.
Terence freezes you.
You shoot a sling bullet.
The sling bullet hits Terence but does no damage.
Terence is heavily wounded.
Terence hits you but does no damage.
Terence drinks a potion.
Terence is healed!
You shoot a sling bullet. The sling bullet barely misses Terence.
Terence hits you with a +1 falchion of freezing.
Terence freezes you.
You shoot a sling bullet. The sling bullet hits Terence.
Terence is moderately wounded.
Terence says, "Time to say good-bye..."
Terence barely misses you.
You shoot a sling bullet. The sling bullet hits Terence.
Terence is severely wounded.
Terence hits you with a +1 falchion of freezing.
Terence freezes you.
Terence hits you with a +1 falchion of freezing!
Terence freezes you.
You shoot a sling bullet. The sling bullet hits Terence.
Terence is severely wounded.
Terence hits you with a +1 falchion of freezing!
Terence freezes you.
You die...

#......%.........
#.##.............
##..............%.
#...#............#
##...#.............
#......#...........
##...#######....###.
##.@.#######.....# ##
#..)@# #......#### #
#####.###############
#........##~~~~~~~..##
#.......###~#~~~~~~.~#
#.......# ##~~~~~~~#
#.......## ##~~.~~.#
#........# ##~b~~~#
#........# #~~~b~b##
#........#


#~bbbbbbb You could see Terence.

Vanquished Creatures
  An adder (D:2)
  A ball python (D:1)
  A bat (D:1)
  2 endoplasms (D:1)
  3 giant cockroaches (D:1)
  2 goblins (D:1)
  A hobgoblin (D:1)
  2 quokkas (D:1)
  6 frilled lizards (D:1)
  3 kobolds
  A rat (D:1)
23 creatures vanquished.

Notes
Turn   | Place    | Note
-------+----------+-------------------------------------------
     0 | D:1      | qw the Minotaur Hexslinger began the quest for the Orb.
     0 | D:1      | Reached XP level 1. HP: 16/16 MP: 1/1
     0 | D:1      | 0 ||| qw: Version: 0.3-a-46-gb1f654a
     0 | D:1      | 0 ||| qw: Game counter: 3221
     0 | D:1      | 0 ||| qw: Melee chars always use a shield: true
     0 | D:1      | 0 ||| qw: God list: Okawaru
     0 | D:1      | 0 ||| qw: Allow faded altars: false
     0 | D:1      | 0 ||| qw: Do Orc after clearing Dungeon:15 true
     0 | D:1      | 0 ||| qw: Do second Lair branch before Depths: true
     0 | D:1      | 0 ||| qw: Lair rune preference: random
     0 | D:1      | 0 ||| qw: Goals: Normal
     0 | D:1      | 0 ||| PLANNING D:1-11
   106 | D:1      | Reached skill level 3 in Ranged Weapons
   110 | D:1      | Reached XP level 2. HP: 23/23 MP: 2/2
   594 | D:1      | 594 ||| UPGRADING to +0 pair of gloves.
   599 | D:1      | 599 ||| UPGRADING to +0 ring mail.
   609 | D:1      | 609 ||| DROPPING +0 robe.
   610 | D:1      | 610 ||| READING scroll labelled DOUWIB OCYAR.
   611 | D:1      | 611 ||| READING scroll labelled ZEOSKOSHUPS.
   612 | D:1      | 612 ||| DRINKING 3 yellow potions.
   613 | D:1      | 613 ||| DRINKING 2 fizzy grey potions.
   614 | D:1      | 614 ||| DROPPING scroll of poison.
   765 | D:2      | Reached XP level 3. HP: 12/29 MP: 3/3
   776 | D:2      | 776 ||| FLEEEEING.
   777 | D:2      | 777 ||| FLEEEEING.
   778 | D:2      | 778 ||| STAIRDANCE
   851 | D:1      | 851 ||| UPGRADING to amulet of regeneration.
   857 | D:2      | Noticed Terence
   859 | D:2      | 859 ||| STAIRDANCE
   866 | D:1      | HP: 2/29 [Terence/+1 falchion of freezing (9)]
   866 | D:1      | Slain by Terence

Levels and vault maps discovered:
D:1:      minmay_arrival_stair_chambers, layout_rooms, serial_rivers,
          chequers_serial_rivers_micro_d, chequers_serial_rivers_large_a,
          chequers_serial_rivers_large_b, chequers_serial_rivers_micro_b,
          chequers_serial_rivers_room_b, chequers_serial_rivers_small_a
D:2:      layout_basic, uniq_terence

Skill      XL: |  1  2 |
---------------+-------+-----
Ranged Weapons | 3 |  3.7
Fighting       | 2 |  2.0
Dodging        | |  2.1
Spellcasting   | |  1.0
Hexes          | |  2.0

Action                     || total
---------------------------++-------
   Fire: Sling             ||    73
    Use: Scroll            ||     2
         Potion            ||     2
 Armour: Ring mail         ||     4
         Robe              ||     1
  Dodge: Dodged            ||    16

Table legend:
 A = Non-vault XP
 B = Vault XP
 C = Vault XP percentage of total XP
 D = Non-vault monster count
 E = Vault monster count
 F = Vault count percentage of total count
                 A         B        C        D         E       F
            +---------+---------+-------+---------+---------+-------
      Total |      46 |       0 |   0.0 |      23 |       0 |   0.0
            +---------+---------+-------+---------+---------+-------
        D:1 |      32 |       0 |   0.0 |      21 |       0 |   0.0
        D:2 |      14 |       0 |   0.0 |       2 |       0 |   0.0
            +---------+---------+-------+---------+---------+-------
